 Dungeon Crawl Stone Soup version 0.31.0-32-g396128a36d (webtiles) character file.

Game seed: 399972302923008938

140856 PaiMei the Lord of Darkness (level 16, -1/131 HPs)
             Began as a Demonspawn Necromancer on Mar 8, 2024.
             Was the Champion of Kikubaaqudgha.
             Killed from afar by a deep elf zephyrmancer (32 damage)
             ... with a bolt of lightning
             ... on level 1 of the Elven Halls.
             The game lasted 01:34:15 (45590 turns).

PaiMei the Lord of Darkness (DsNe)                 Turns: 45590, Time: 01:34:15

Health: -1/131     AC: 21    Str: 16    XL:     16   Next: 76%
Magic:  1/34       EV: 17    Int: 21    God:    Kikubaaqudgha [******]
Gold:   2346       SH:  5    Dex: 15    Spells: 13/44 levels left

rFire   + . .        b - +12 scimitar "Jiasmagi" {freeze, Str+3}
rCold   . . .        o - +0 buckler
rNeg    + . .        g - +2 steam dragon scales
rPois   .            P - +1 hat {Will+}
rElec   .            R - +1 cloak of the Ageless Xalams {rN+ Regen+}
rCorr   .            S - +2 pair of gloves {Str+3}
SInv    .            Z - +0 pair of boots
Will    ++...        Y - amulet of regeneration
Stlth   ++           C - +4 ring of protection
HPRegen 2.01/turn    O - ring of protection from fire
MPRegen 0.24/turn

%: no passive effects
@: no status effects
A: rugged brown scales 2, icemail 1, spiny 2, condensation shield, corrupting
presence 1, demonic touch 1
a: Renounce Religion, Unearth Wretches, Torment, Brand Weapon With Pain, Receive
Forbidden Knowledge


You were on level 1 of the Elven Halls.
You worshipped Kikubaaqudgha.
Kikubaaqudgha was exalted by your worship.
You visited 5 branches of the dungeon, and saw 24 of its levels.
You also visited: Gauntlet and Volcano.

You collected 2851 gold pieces.
You spent 505 gold pieces at shops.

Inventory:

Hand Weapons
 a - a +6 scimitar of flaming
 b - the +12 scimitar "Jiasmagi" (weapon) {freeze, Str+3}
   (You found it on level 15 of the Dungeon)

   Str+3:     It affects your strength (+3).
 J - a +2 longbow of flaming
Missiles
 d - 30 poisoned darts
 e - 6 curare-tipped darts
 G - 5 atropa-tipped darts
 L - 4 darts of dispersal (quivered)
Armour
 g - +2 steam dragon scales (worn)
 o - a +0 buckler (worn)
 P - a +1 hat of willpower (worn)
 R - the +1 cloak of the Ageless Xalams (worn) {rN+ Regen+}
   (You found it in a Gauntlet)

   rN+:       It protects you from negative energy.
   Regen+:    It increases your rate of health regeneration.
 S - a +2 pair of gloves of strength (worn)
 Z - a +0 pair of boots (worn)
Jewellery
 C - a +4 ring of protection (left hand)
 I - a ring of wizardry
 O - a ring of protection from fire (right hand)
 Q - a ring of see invisible
 V - the amulet of the Invisible Hand {Faith +Blink SInv}
   (You found it in a Gauntlet)

   [amulet of faith]

   Faith:     It allows you to gain divine favour quickly.
   SInv:      It lets you see invisible.
   +Blink:    It lets you blink.
 Y - an amulet of regeneration (around neck)
Wands
 x - a wand of roots (9)
 D - a wand of polymorph (15)
 E - a wand of paralysis (16)
 T - a wand of mindburst (14)
Scrolls
 c - 2 scrolls of revelation
 f - 3 scrolls of silence
 j - 10 scrolls of teleportation
 k - 7 scrolls of blinking
 t - 3 scrolls of fear
 u - 5 scrolls of amnesia
 v - 2 scrolls of enchant weapon
 w - 5 scrolls of fog
 A - 2 scrolls of enchant armour
 M - 2 scrolls of vulnerability
 N - 4 scrolls of immolation
 W - a scroll of acquirement
 X - a scroll of torment
Potions
 h - a potion of curing
 i - a potion of heal wounds
 l - 4 potions of brilliance
 m - 6 potions of enlightenment
 n - 4 potions of invisibility
 p - 2 potions of haste
 q - 2 potions of lignification
 s - 2 potions of berserk rage
 z - 2 potions of attraction
 B - a potion of magic
 H - a potion of cancellation {unknown}
 K - 3 potions of degeneration {unknown}
Miscellaneous
 r - a condenser vane
 y - a lightning rod (4/4)
 U - a phial of floods


   Skills:
 - Level 11.2 Fighting
 - Level 5.0 Armour
 - Level 11.2 Dodging
 - Level 2.0 Stealth
 - Level 6.0 Shields
 + Level 14.8 Spellcasting
 + Level 17.7 Necromancy
 + Level 8.5 Earth Magic
 - Level 7.0 Evocations


You had 13 spell levels left.
You knew the following spells:

 Your Spells              Type           Power      Damage    Failure   Level
a - Necrotise             Necr           100%       1d9       0%          1
b - Vampiric Draining     Necr           74%        2d11      0%          3
c - Animate Dead          Necr           74%        N/A       1%          4
d - Curse of Agony        Necr           74%        N/A       1%          5
e - Dispel Undead         Necr           74%        3d25      1%          4
f - Borgnjor's Vile Clut  Necr/Erth      31%        N/A       1%          5
g - Anguish               Hex/Necr       25%        N/A       1%          4
h - Fugue of the Fallen   Necr           74%        N/A       0%          3
i - Sublimation of Blood  Necr           74%        N/A       0%          2

Your spell library contained the following spells:

 Spells                   Type           Power      Damage    Failure   Level
 Kiss of Death            Conj/Necr      100%       2d13      1%          1
 Cigotuvi's Dreadful Rot  Necr/Alch/Air  80%        N/A       1%          2
 Slow                     Hex            60%        N/A       4%          1
 Blink                    Tloc           30%        N/A       8%          2
 Lesser Beckoning         Tloc           30%        N/A       8%          2
 Mercury Vapours          Alch/Air       30%        N/A       8%          2
 Momentum Strike          Conj/Tloc      30%        3d8       8%          2
 Petrify                  Alch/Erth      33%        N/A       9%          4
 Call Canine Familiar     Summ           15%        N/A       16%         3
 Confusing Touch          Hex            15%        N/A       16%         3
 Mephitic Cloud           Conj/Alch/Air  15%        N/A       16%         3
 Sigil of Binding         Hex            15%        N/A       16%         3
 Volatile Blastmotes      Fire/Tloc      30%        2d12      16%         3
 Dimensional Bullseye     Hex/Tloc       7%         N/A       45%         4
 Fulminant Prism          Conj/Alch      7%         3d6       45%         4
 Iskenderun's Mystic Bla  Conj/Tloc      15%        2d5       45%         4
 Vhi's Electric Charge    Tloc/Air       30%        N/A       45%         4
 Alistair's Intoxication  Alch           10%        N/A       80%         5
 Arcjolt                  Conj/Air       7%         1d17      80%         5
 Freezing Cloud           Conj/Ice/Air   7%         6-21      80%         5
 Irradiate                Conj/Alch      7%         3d14      80%         5
 Summon Forest            Summ/Tloc      7%         N/A       80%         5
 Eringya's Noxious Bog    Alch           7%         4d6       100%        6
 Summon Hydra             Summ           7%         N/A       100%        7
 Maxwell's Capacitive Co  Air            7%         ∞         100%        8


Dungeon Overview and Level Annotations

Branches:
Dungeon (15/15)            Temple (1/1) D:7            Lair (5/5) D:10
  Swamp (0/4) Lair:2        Snake (0/4) Lair:2        Slime (0/5) Lair:5
    Orc (2/2) D:11            Elf (1/3) Orc:2        Vaults (0/5) D:13
 Depths (0/4) D:15        Volcano (visited)         Gauntlet (visited)

Altars:
Ashenzari
Cheibriados
Dithmenos
Fedhas
Gozag
Hepliaklqana
Kikubaaqudgha
Makhleb
Nemelex Xobeh
Okawaru
Qazlal
Ru
Sif Muna
Trog
Uskayaw
Vehumet
Wu Jian
Xom
Yredelemnul
Jiyva

Shops:
D:11 (   Orc:2 =(*?

Annotations:
D:12 2 transporters, Consumeair16's ghost, journeyman DsGl
Lair:5 1 runed translucent door, exclusion: obsidian statue


Innate Abilities, Weirdness & Mutations

You are mostly covered in rugged brown scales. (AC +2, +5% HP)
A meltable icy envelope protects you from harm. (AC +0)
You are mostly covered in sharp spines.
A meltable shield of frost defends you. (SH +0)
Your presence sometimes corrodes those you injure.
Your touch may inflict minor irresistible damage on your foes.


Message History

You hit the deep elf annihilator. You freeze the deep elf annihilator.
The deep elf annihilator is lightly wounded.
The zombie hands constrict the deep elf pyromancer!
You kill the deep elf pyromancer!
Kikubaaqudgha accepts your kill.
The deep elf annihilator is struck by your spines.
The deep elf annihilator closely misses you.
The deep elf zephyrmancer points at you and mumbles some strange words.
The bolt of lightning hits you!
The deep elf annihilator casts a spell at you.
The iron shot hits you!!
You hit the deep elf annihilator. You freeze the deep elf annihilator.
The deep elf annihilator is moderately wounded.
The deep elf zephyrmancer closely misses you.
The deep elf annihilator is struck by your spines.
The deep elf annihilator hits you but does no damage.
Casting: Borgnjor's Vile Clutch (mildly dangerous; 1% risk of failure)
Confirm with . or Enter, or press ? or * to list all spells.
Aiming: Borgnjor's Vile Clutch (mildly dangerous; 1% risk of failure)
Press: ? - help, Shift-Dir - straight line, f - deep elf zephyrmancer
Aim: a deep elf zephyrmancer, wielding a +0 long sword (heavily wounded, 100% to hit)
Zombie hands grab the deep elf zephyrmancer.
The zombie hands constrict the deep elf zephyrmancer.
The deep elf zephyrmancer gestures wildly while chanting.
The deep elf zephyrmancer struggles to blink free from constriction.
The deep elf annihilator gestures at you while chanting.
The bolt of lightning hits you!!!
* * * LOW HITPOINT WARNING * * *
You hear a shout!
You slash the deep elf annihilator! You freeze the deep elf annihilator.
The deep elf annihilator is severely wounded.
The zombie hands constrict the deep elf zephyrmancer!
The deep elf zephyrmancer casts a spell at you.
The bolt of lightning misses you.
The deep elf annihilator is struck by your spines.
The deep elf annihilator misses you.
The deep elf zephyrmancer gestures at you while chanting.
The bolt of lightning hits you!!
You die...
Kikubaaqudgha rasps: "You have failed me!
Welcome... death!"

#....'........
##...##########
##'#.#'## ##.##.##.##
#'#######.## .##
##.###### #
..#########'#...####.#
..'...... +..........#
..####### #.).)e@)..)#
.## #...)..e.#.'.. ##
#..........# . +
##...>['##.# +#...##(#
# ##### #.. #.. .#


You could see a deep elf annihilator and a deep elf zephyrmancer (clutched).

Vanquished Creatures
  2 sphinxes (D:15)
  A fire giant (D:15)
  An orc warlord (Orc:2)
  A stone giant (D:15)
  Nessos (Lair:4)
  Azrael (Orc:2)
  A minotaur (Gauntlet)
  2 dire elephants (Lair:5)
  2 fire dragons (D:15)
  An ettin (D:15)
  An entropy weaver (shapeshifter) (D:15)
  Josephine (D:14)
  Fannar (D:9)
  2 ghost crabs (Lair:2)
  2 ogre magi (D:15)
  9 hydras
  3 vault guards (D:13)
  3 catoblepae
  3 boulder beetles (D:15)
  6 two-headed ogres
  11 centaur warriors
  2 death knights
  5 death yaks
  A hell knight (Volcano)
  4 orc high priests (Orc:2)
  Sonja (Orc:2)
  A deep elf knight (D:15)
  Amaemon (Lair:3)
  A skeletal warrior (D:13)
  A fire crab (shapeshifter) (D:15)
  A glowing orange brain (D:15)
  A spectral anaconda (Lair:5)
  A mana viper (shapeshifter) (D:15)
  A flayed ghost (D:15)
  An arcanist (D:14)
  2 deep elf archers (Elf:1)
  9 deep elf zephyrmancers (Elf:1)
  5 orc knights
  3 necromancers (Lair:5)
  A lindwurm (Lair:3)
  14 deep elf pyromancers
  2 wolf spiders (D:15)
  21 ugly things
  6 orc sorcerers
  5 manticores
  8 cyclopes (D:15)
  A dire elephant zombie (Lair:5)
  9 elephants
  A meliai (D:15)
  6 kobold blastminers (Orc:2)
  5 black mambas
  2 molten gargoyles (Volcano)
  A smoke demon (Volcano)
  Maggie (D:6)
  An orange demon (Lair:3)
  A gargoyle (D:12)
  12 cane toads
  A torpor snail (Lair:3)
  An unseen horror (D:12)
  An unseen horror (shapeshifter) (D:10)
  3 freezing wraiths
  A rime drake (Lair:4)
  5 efreet
  5 komodo dragons
  A red devil (Volcano)
  2 tengu conjurers
  A polar bear (Lair:3)
  2 hornets
  7 trolls
  A wind drake (shapeshifter) (D:13)
  9 blink frogs
  A spectral elephant (Lair:2)
  16 slime creatures
  2 shadows
  Sigmund (D:6)
  7 wraiths
  6 wyverns
  5 basilisks
  30 yaks
  2 fire elementals (Orc:2)
  2 fire bats (Volcano)
  8 humans (D:13)
  A warg (Orc:1)
  A death yak simulacrum (Lair:5)
  2 redbacks (D:15)
  18 vampire mosquitoes
  A spectral cane toad (Lair:2)
  5 nagas (Lair:2)
  Duvessa (D:5)
  4 acid dragons
  2 hell hounds
  6 water moccasins
  A spectral torpor snail (Lair:2)
  44 orc warriors
  6 laughing skulls
  4 black bears
  20 ogres
  22 wolves
  3 sky beasts
  8 boggarts
  15 centaurs
  3 elephant skeletons (Lair:5)
  2 phantoms
  3 spectral water moccasins (Lair:2)
  17 bullfrogs
  A gnoll sergeant (D:7)
  A kobold brigand (D:9)
  3 scorpions
  A water moccasin zombie (D:7)
  8 wights
  Dowan (D:5)
  An elephant simulacrum (Lair:5)
  4 electric eels
  A bombardier beetle (D:3)
  5 lava snakes (Volcano)
  A bullfrog zombie (D:7)
  11 hounds
  A jelly (D:6)
  33 orc priests
  2 sleepcaps
  3 iguanas
  9 orc wizards
  4 hell rats (Lair:3)
  A killer bee zombie (D:7)
  A boggart simulacrum (D:15)
  6 adders
  6 gnolls
  3 shadow imps
  A white imp (D:6)
  2 dart slugs
  91 orcs
  5 endoplasms (D:3)
  5 giant cockroaches
  4 goblins
  A hobgoblin (D:4)
  15 kobolds
  9 quokkas
  5 ball pythons
  4 bats
  3 frilled lizards
  3 rats
757 creatures vanquished.

Vanquished Creatures (collateral kills)
  2 dire elephants (Lair:5)
  2 death yaks (Lair:5)
  A skyshark (Lair:5)
  Lodul (D:11)
  A necromancer (Lair:5)
  2 elephants (Lair:5)
  A black mamba (Lair:5)
  3 cane toads
  A komodo dragon (Lair:5)
  A troll (D:12)
  A polar bear (Lair:5)
  2 wyverns
  10 yaks
  A death yak simulacrum (Lair:5)
  A hell hound (Orc:2)
  2 water moccasins
  An orc warrior (Orc:2)
  3 wolves
  2 ogres
  A bullfrog (Lair:1)
  An elephant simulacrum (Lair:5)
  An electric eel (Lair:5)
  2 orc priests (Orc:2)
  An adder (D:2)
  3 orcs
  A goblin (D:2)
  A hobgoblin (D:2)
  A bat (D:2)
50 creatures vanquished.

Vanquished Creatures (others)
  An ogre mage (Orc:2)
  An orc sorcerer (Orc:2)
  An unseen horror (shapeshifter) (D:15)
  A death yak zombie (Lair:5)
  3 hydra zombies
  A black mamba zombie (Lair:5)
  A human (D:13)
  A human zombie (Lair:5)
  A two-headed ogre zombie (Orc:2)
  6 cane toad zombies
  A boggart (D:14)
  A centaur (D:14)
  A komodo dragon zombie (Lair:1)
  4 yak zombies
  An orc priest (Orc:2)
  An ogre zombie (Orc:2)
  11 orc zombies (Orc:2)
37 creatures vanquished.

Grand Total: 844 creatures vanquished

Notes
Turn   | Place    | Note
-------+----------+-------------------------------------------
     0 | D:1      | PaiMei the Demonspawn Necromancer began the quest for the
                  | Orb.
     0 | D:1      | Reached XP level 1. HP: 13/13 MP: 3/3
   499 | D:1      | Gained mutation: You are partially covered in rugged brown
                  | scales. (AC +1, +3% HP) [demonic ancestry]
   499 | D:1      | Reached XP level 2. HP: 11/19 MP: 0/5
  1056 | D:2      | Reached XP level 3. HP: 25/25 MP: 1/6
  1286 | D:2      | Reached skill level 1 in Fighting
  2438 | D:3      | Reached XP level 4. HP: 32/32 MP: 4/7
  2852 | D:3      | Reached skill level 5 in Necromancy
  2963 | D:3      | Gained mutation: A meltable shield of frost defends you.
                  | (SH +0) [demonic ancestry]
  2963 | D:3      | Reached XP level 5. HP: 34/39 MP: 6/9
  4087 | D:3      | Reached XP level 6. HP: 47/47 MP: 8/10
  4266 | D:4      | Learned a level 3 spell: Vampiric Draining
  4271 | D:4      | Learned a level 4 spell: Animate Dead
  4690 | D:4      | Reached XP level 7. HP: 53/53 MP: 4/12
  4790 | D:4      | Reached skill level 6 in Necromancy
  5632 | D:5      | Entered Level 5 of the Dungeon
  5649 | D:5      | Noticed Duvessa
  5649 | D:5      | Noticed Dowan
  5757 | D:5      | Killed Duvessa
  5967 | D:5      | Killed Dowan
  6349 | D:5      | Gained mutation: You are partially covered in sharp spines.
                  | [demonic ancestry]
  6349 | D:5      | Reached XP level 8. HP: 61/61 MP: 8/14
  6423 | D:5      | Identified the +0 scale mail of Sloth {Will+}
  6459 | D:5      | Found a hazy altar of Hepliaklqana.
  6842 | D:6      | Reached skill level 7 in Necromancy
  6954 | D:6      | Noticed Maggie
  7073 | D:5      | Reached skill level 5 in Dodging
  7073 | D:5      | Reached skill level 5 in Spellcasting
  7241 | D:6      | Noticed Sigmund
  7248 | D:6      | Killed Sigmund
  7249 | D:6      | Reached skill level 5 in Fighting
  7378 | D:6      | Killed Maggie
  7661 | D:6      | Gained mutation: A meltable icy envelope protects you from
                  | harm. (AC +0) [demonic ancestry]
  7661 | D:6      | Reached XP level 9. HP: 71/71 MP: 8/17
  7897 | D:7      | Paralysed by a hornet for 3 turns
  7902 | D:7      | Reached skill level 8 in Necromancy
  9013 | D:7      | Found a staircase to the Ecumenical Temple.
  9019 | Temple   | Entered the Ecumenical Temple
  9035 | Temple   | Became a worshipper of Kikubaaqudgha
 10323 | D:7      | Learned a level 5 spell: Curse of Agony
 10328 | D:8      | Learned a level 2 spell: Sublimation of Blood
 11268 | D:8      | Reached skill level 9 in Necromancy
 11272 | D:8      | Reached * piety under Kikubaaqudgha
 11272 | D:8      | Received a gift from Kikubaaqudgha
 11618 | D:9      | Reached XP level 10. HP: 69/81 MP: 0/20
 12001 | D:9      | Found an iron altar of Okawaru.
 12280 | D:9      | Found a basalt altar of Yredelemnul.
 12527 | D:9      | Found a broken altar of Ashenzari.
 12531 | D:9      | Found a snail-covered altar of Cheibriados.
 12536 | D:9      | Found a shadowy altar of Dithmenos.
 12818 | D:10     | Entered Level 10 of the Dungeon
 12830 | D:10     | Noticed a two-headed ogre
 12837 | D:10     | Noticed Fannar
 12890 | D:9      | Killed a two-headed ogre
 13781 | D:9      | Killed Fannar
 13782 | D:9      | Reached skill level 10 in Necromancy
 14031 | D:10     | Noticed a two-headed ogre
 14040 | D:10     | Killed a two-headed ogre
 14216 | D:10     | HP: 2/83 [electric eel/bolt of electricity (8)]
 14740 | D:10     | Reached ** piety under Kikubaaqudgha
 14744 | D:10     | Reached XP level 11. HP: 79/89 MP: 16/23
 14832 | D:10     | Learned a level 3 spell: Fugue of the Fallen
 14863 | D:10     | Found a staircase to the Lair.
 15846 | D:11     | Found Bousch Bongox's Antique Weapon Emporium.
 15854 | D:11     | Bought a shimmering sling for 136 gold pieces
 15854 | D:11     | Identified the +8 sling of Wyrd {flame, Will- MP+9 Int+2
                  | Dex+2} (You bought it in a shop on level 11 of the Dungeon)
 16221 | D:11     | Noticed Lodul
 16450 | D:12     | Found a gate leading to a gauntlet.
 16458 | Gauntlet | Entered a Gauntlet
 16458 | Gauntlet | Found a transporter.
 16527 | Gauntlet | Found a transporter.
 16529 | Gauntlet | Found a transporter.
 16538 | Gauntlet | Noticed a death scarab
 16542 | Gauntlet | Found a transporter.
 16543 | Gauntlet | Found a transporter.
 16547 | Gauntlet | Noticed an arcanist
 16549 | Gauntlet | Noticed an occultist
 16550 | Gauntlet | Found a transporter.
 16566 | Gauntlet | Found a transporter.
 16566 | Gauntlet | Noticed a death scarab
 16568 | Gauntlet | Noticed a death scarab
 16577 | Gauntlet | Found a transporter.
 16589 | Gauntlet | Found a transporter.
 16592 | Gauntlet | Noticed an orange crystal statue
 16593 | Gauntlet | Noticed a quicksilver ooze
 16594 | Gauntlet | Found a transporter.
 16622 | Gauntlet | Found a transporter.
 16675 | Gauntlet | Found a transporter.
 16677 | Gauntlet | Found a transporter.
 16677 | Gauntlet | Found a transporter.
 16678 | Gauntlet | Found a runed translucent door.
 17410 | Gauntlet | Identified the +1 cloak of the Ageless Xalams {rN+ Regen+}
 17423 | Gauntlet | Noticed a minotaur
 17443 | Gauntlet | Killed a minotaur
 17444 | Gauntlet | Reached skill level 11 in Necromancy
 17577 | Gauntlet | Identified the amulet of the Invisible Hand {Faith +Blink
                  | SInv}
 18198 | D:11     | Found a staircase to the Orcish Mines.
 18242 | D:11     | Noticed a red ugly thing
 18257 | D:11     | Killed a red ugly thing
 18294 | D:11     | Killed Lodul
 18942 | Lair:1   | Entered Level 1 of the Lair of Beasts
 19119 | Lair:1   | Noticed a catoblepas
 19384 | Lair:1   | Gained mutation: You are mostly covered in sharp spines.
                  | [demonic ancestry]
 19384 | Lair:1   | Reached XP level 12. HP: 99/99 MP: 5/25
 19395 | Lair:1   | Reached *** piety under Kikubaaqudgha
 19395 | Lair:1   | Received a gift from Kikubaaqudgha
 19396 | Lair:1   | Reached skill level 10 in Fighting
 19636 | Lair:1   | Reached skill level 12 in Necromancy
 19644 | Lair:1   | Found a dark tunnel.
 19653 | Volcano  | Entered a volcano
 20153 | Volcano  | Found a burning altar of Makhleb.
 20168 | Volcano  | HP: 2/100 [red ugly thing (10)]
 20681 | Volcano  | Reached skill level 10 in Spellcasting
 20797 | Volcano  | Reached skill level 10 in Dodging
 21131 | Lair:1   | Killed a catoblepas
 22652 | Lair:2   | Found a staircase to the Swamp.
 22652 | Lair:2   | Noticed a ghost crab
 22652 | Lair:2   | Noticed a ghost crab
 22661 | Lair:2   | Reached **** piety under Kikubaaqudgha
 23077 | Lair:2   | Noticed a seven-headed hydra
 23083 | Lair:2   | Killed a six-headed hydra
 23088 | Lair:2   | Found a staircase to the Snake Pit.
 23406 | Lair:2   | Reached XP level 13. HP: 109/109 MP: 23/27
 23629 | Lair:2   | Reached skill level 13 in Necromancy
 23812 | Lair:2   | Reached skill level 1 in Evocations
 24928 | Lair:3   | Noticed Amaemon
 24954 | Lair:3   | Killed Amaemon
 25858 | Lair:4   | Noticed Nessos
 25889 | Lair:4   | Reached ***** piety under Kikubaaqudgha
 26004 | Lair:4   | Killed Nessos
 26734 | Lair:5   | Entered Level 5 of the Lair of Beasts
 26819 | Lair:5   | Reached skill level 1 in Armour
 27227 | Lair:5   | Found a runed translucent door.
 27228 | Lair:5   | Noticed an azure jelly
 27236 | Lair:5   | Found a viscous altar of Jiyva.
 27236 | Lair:5   | Found a staircase to the Slime Pits.
 27236 | Lair:5   | Noticed an azure jelly
 27238 | Lair:5   | Found a hazy altar of Hepliaklqana.
 27442 | Lair:5   | Reached skill level 14 in Necromancy
 27713 | Lair:5   | Reached skill level 5 in Evocations
 28103 | Lair:5   | Gained mutation: You are mostly covered in rugged brown
                  | scales. (AC +2, +5% HP) [demonic ancestry]
 28103 | Lair:5   | Reached XP level 14. HP: 90/118 MP: 14/29
 29147 | Lair:5   | HP: 1/118 [death yak simulacrum[a necromancer] (39)]
 30894 | D:12     | Found a transporter.
 30896 | D:12     | Noticed Consumeair16's ghost (journeyman DsGl)
 30898 | D:12     | Found a transporter.
 31349 | D:12     | Learned a level 4 spell: Dispel Undead
 31355 | D:12     | Learned a level 5 spell: Borgnjor's Vile Clutch
 31360 | D:12     | Learned a level 4 spell: Anguish
 31382 | D:13     | Reached skill level 5 in Armour
 31837 | D:13     | Reached skill level 1 in Shields
 31837 | D:13     | Reached skill level 15 in Necromancy
 31837 | D:13     | Reached skill level 1 in Earth Magic
 33094 | D:13     | Found a gate to the Vaults.
 34115 | D:14     | Gained mutation: Your presence sometimes corrodes those you
                  | injure. [demonic ancestry]
 34115 | D:14     | Reached XP level 15. HP: 99/124 MP: 2/31
 34601 | D:14     | Noticed Josephine
 34719 | D:14     | Killed Josephine
 36705 | D:15     | Entered Level 15 of the Dungeon
 37871 | D:15     | Found a shadowy altar of Dithmenos.
 37872 | D:15     | Found a sparkling altar of Nemelex Xobeh.
 38013 | D:15     | Reached ****** piety under Kikubaaqudgha
 38018 | D:15     | Noticed a fire giant
 38056 | D:15     | Killed a fire giant
 38427 | D:15     | Reached skill level 16 in Necromancy
 38427 | D:15     | Reached skill level 5 in Earth Magic
 38431 | D:15     | Reached skill level 5 in Shields
 39185 | D:15     | Noticed a sphinx
 39197 | D:15     | Killed a sphinx
 40478 | D:15     | Found a staircase to the Depths.
 40602 | D:15     | Gained mutation: Your touch may inflict minor irresistible
                  | damage on your foes. [demonic ancestry]
 40602 | D:15     | Reached XP level 16. HP: 115/129 MP: 22/33
 40637 | D:15     | Noticed a sphinx
 40651 | D:15     | Killed a sphinx
 40941 | D:15     | Identified the +12 scimitar "Jiasmagi" {freeze, Str+3}
 40950 | D:15     | Identified the +2 quarterstaff of the Fresh God {flame,
                  | Int+4 Dex+4}
 41545 | Orc:1    | Entered Level 1 of the Orcish Mines
 41889 | Orc:2    | Entered Level 2 of the Orcish Mines
 42614 | Orc:2    | Noticed Azrael
 42862 | Orc:2    | Noticed Sonja
 42866 | Orc:2    | Killed Sonja
 43074 | Orc:2    | Killed Azrael
 43178 | Orc:2    | Paralysed by something for 5 turns
 43212 | Orc:2    | Reached skill level 17 in Necromancy
 43409 | Orc:2    | Found a staircase to the Elven Halls.
 43836 | Orc:2    | Found Yriweosk's Antique Weapon Shop.
 43979 | Orc:2    | Found Laonaps's Jewellery Emporium.
 44643 | Orc:2    | Found Ocus's Magic Scroll Boutique.
 44734 | Orc:2    | Bought a scroll of teleportation for 54 gold pieces
 44734 | Orc:2    | Bought a scroll of blinking for 135 gold pieces
 44734 | Orc:2    | Bought a scroll of identify for 36 gold pieces
 44734 | Orc:2    | Bought a scroll of identify for 36 gold pieces
 44734 | Orc:2    | Bought a scroll of identify for 36 gold pieces
 44734 | Orc:2    | Bought a scroll of fog for 72 gold pieces
 44736 | Orc:2    | Identified a scroll of acquirement
 44747 | Orc:2    | Found Woezom's Assorted Antiques.
 45193 | Elf:1    | Entered Level 1 of the Elven Halls
 45590 | Elf:1    | Killed from afar by a deep elf zephyrmancer

Illustrated notes

Levels and vault maps discovered:
D:1:      ncdulo_smallfort, layout_loops_ring
D:2:      layout_basic, kennysheep_nondescript
D:3:      layout_loops_ring
D:4:      layout_loops_ring
D:5:      layout_gridville, marbit_many_paths, serial_glass, glass_columns_b,
          glass_columns_b, glass_columns_c, glass_columns_a, feat_on_display,
          minmay_strange_pillars, due_unseen_surprise, uniq_duvessa
D:6:      layout_rooms, uniq_maggie, uniq_sigmund
D:7:      layout_layer_cave, minmay_temple_entry_grid, serial_undead,
          serial_undead_a, serial_undead_b, serial_undead_b, serial_undead_e
D:8:      layout_gridville, zin_statuary
D:9:      layout_long_grid, kennysheep_little_box,
          mainiacjoe_overflow_cross_hatched, minitemple
D:10:     layout_basic, erik_lair_island, uniq_fannar
D:11:     wander_river, layout_layer_cave, orc_0_dummy, serial_shops,
          nicolae_shop_statue_plus, uniq_lodul
D:12:     layout_irregular_city, gammafunk_ghost_mausoleum,
          gauntlet_entry_generic
D:13:     layout_small_grid, ximxim_vaults_locker_room, serial_glass,
          glass_columns_a, glass_columns_c, glass_columns_c, glass_columns_a,
          glass_columns_a
D:14:     layout_small_grid, uniq_josephine
D:15:     hangedman_slaughterboxes
Temple:   dpeg_chambers_temple
Lair:1:   layout_regular_city, enter_volcano_4, chequers_serial_rivers_small_a,
          lemuel_fruit_fields, serial_bayou_shore_b, serial_bayou_shore_b,
          grunt_megastairs_4
Lair:2:   layout_small_grid, nicolae_swamp_entry_spooky,
          minmay_snake_entry_guardpost_medium, grunt_megastairs_3
Lair:3:   layout_regular_city, minmay_holes, uniq_amaemon
Lair:4:   layout_gridlike, st_stairs_3, uniq_nessos
Lair:5:   due_jungle_book, layout_regular_city, slime_entry_2, basic_altar,
          serial_bayou_shore_b, serial_bayou_shore_a
Orc:1:    layout_caves
Orc:2:    pubby_orc_utopia, uniq_azrael, uniq_sonja
Elf:1:    minmay_elf_arrival_plus, layout_geoelf_diagonals,
          minmay_elf_annihilation

Skill      XL: |  1  2  3  4  5  6  7  8  9 10 11 12 13 14 15 16 |
---------------+-------------------------------------------------+-----
Stealth        | 2 |  2.0
Dodging        | 2 3 4 5 6 8 9 10 11 | 11.2
Fighting       | 1 2 3 4 5 7 8 9 11 | 11.2
Necromancy     | 5 6 7 9 10 11 12 14 15 16 17 | 17.7
Spellcasting   | 3 4 5 6 8 9 10 11 12 13 14 | 14.8
Evocations     | 5 7 |  7.0
Armour         | 2 5 |  5.0
Shields        | 3 6 |  6.0
Earth Magic    | 3 6 8 |  8.5

Action                     |  1- 3 |  4- 6 |  7- 9 | 10-12 | 13-15 | 16-18 || total
---------------------------+-------+-------+-------+-------+-------+-------++-------
  Melee: Mace              |    10 |       |   132 |   237 |     7 |       ||   386
         Unarmed           |     3 |       |       |       |       |       ||     3
         Dagger            |       |    50 |       |       |       |       ||    50
         Punch             |       |       |     1 |     8 |    15 |       ||    24
         Scimitar          |       |       |       |    38 |   545 |   302 ||   885
         Whip              |       |       |       |    30 |       |       ||    30
   Fire: Sling             |       |       |       |       |     4 |       ||     4
  Throw: Dart              |       |       |       |       |     1 |       ||     1
   Cast: Necrotise         |    62 |    83 |    93 |   106 |    70 |     6 ||   420
         Vampiric Draining |       |    10 |    68 |   188 |   219 |    91 ||   576
         Animate Dead      |       |       |       |     5 |     8 |     1 ||    14
         Fugue of the Fall |       |       |       |     2 |     2 |       ||     4
         Curse of Agony    |       |       |       |     3 |    22 |       ||    25
         Sublimation of Bl |       |       |       |       |     1 |       ||     1
         Borgnjor's Vile C |       |       |       |       |   115 |    45 ||   160
         Dispel Undead     |       |       |       |       |    24 |     1 ||    25
  Evoke: Wand              |       |       |       |     5 |       |       ||     5
    Use: Potion            |     1 |       |       |     5 |     4 |       ||    10
         Scroll            |       |       |     9 |     4 |     3 |    10 ||    26
   Stab: Distracted        |       |       |       |       |     2 |       ||     2
         Sleeping          |       |       |       |       |     1 |     3 ||     4
 Armour: Robe              |    20 |    36 |    54 |       |       |       ||   110
         Steam dragon scal |       |       |    99 |   504 |  1160 |   312 ||  2075
  Dodge: Dodged            |    28 |    44 |   146 |   468 |  1044 |   352 ||  2082
  Block: Other             |       |    11 |    35 |    85 |   222 |       ||   353
         Buckler           |       |       |       |       |     9 |   238 ||   247
